 Dungeon Crawl Stone Soup version 0.29-a0-380-gf50f0a9fbc (webtiles) character file.

Game seed: 4764354286070999427

23 sdfasdf239h the Magician (level 3, -6/25 HPs)
             Began as a Djinni Hedge Wizard on May 6, 2022.
             Mangled by Natasha (7 damage)
             ... on level 2 of the Dungeon.
             The game lasted 00:02:20 (1549 turns).

sdfasdf239h the Magician (Djinni Hedge Wizard)      Turns: 1549, Time: 00:02:21

Health: -6/25      AC:  2    Str: 11    XL:     3   Next: 10%
Gold:   63         EV: 12    Int: 21    God:
                   SH:  0    Dex: 12

rFire   + + .      SeeInvis .   a - +0 dagger
rCold   x . .      Faith    .   (no shield)
rNeg    . . .      Spirit   .   b - +0 robe
rPois   ∞          Reflect  .   c - +0 hat
rElec   .          Harm     .   (no cloak)
rCorr   .          Rampage  .   (no gloves)
Will    .....                   (boots unavailable)
Stlth   ++........              (no amulet)
HPRegen 0.08/turn               h - +6 ring of intelligence
MPRegen 0.00/turn               (no ring)

@: mighty, flying, very slightly contaminated
A: sickness immunity, fire resistance 2, cold vulnerability 1, float, innate
caster, HP casting, extra vitality 1
a: no special abilities


You were on level 2 of the Dungeon.
You visited 1 branch of the dungeon, and saw 2 of its levels.

You collected 63 gold pieces.

Inventory:

Hand Weapons
 a - a +0 dagger (weapon)
Armour
 b - a +0 robe (worn)
 c - a +0 hat (worn)
Jewellery
 h - a +6 ring of intelligence (left hand)
Scrolls
 d - a scroll of teleportation {unknown}
 e - a scroll of identify {unknown}
 i - a scroll of poison {unknown}
Potions
 g - a potion of heal wounds {unknown}
 j - a potion of attraction {unknown}
 k - a potion of brilliance {unknown}
 l - a potion of flight {unknown}


   Skills:
 - Level 2.1 Dodging
 - Level 1.5 Stealth
 + Level 3.2 Spellcasting


You couldn't memorise any spells.
You knew the following spells:

 Your Spells              Type           Power      Damage    Failure   Level
a - Magic Dart            Conj           64%        1d6       3%          1
b - Blink                 Tloc           32%        N/A       5%          2
c - Call Imp              Summ           16%        N/A       5%          2
d - Slow                  Hex            64%        N/A       3%          1
e - Conjure Flame         Conj/Fire      16%        6-21      11%         3
f - Mephitic Cloud        Conj/Pois/Air  16%        N/A       11%         3
g - Animate Skeleton      Necr           32%        N/A       3%          1
Your spell library was empty.

Dungeon Overview and Level Annotations

Branches:
Dungeon (2/15)

Altars:

Annotations:
D:2 Natasha


Innate Abilities, Weirdness & Mutations

You are immune to sickness and miasma.
You are immune to poison.
Your flesh is very heat resistant. (rF++)
You are vulnerable to cold. (rC-)
You float through the air rather than walking.
You learn spells naturally, not from books.
Your magical power is your life essence.
You have superior vitality. (+4 MHP)


Message History

The magic dart hits the quokka.
The quokka is severely wounded.
The quokka closely misses you.
The magic dart hits the quokka.
You kill the quokka!
The magic dart hits Natasha but does no damage.
Natasha hisses angrily.
You hear a shout!
A bat comes into view.
Natasha casts a spell at you. The magic dart hits you.
The magic dart hits Natasha but does no damage.
The magic dart hits the bat.
You kill the bat!
Your magical contamination has completely faded away.
The magic dart hits Natasha.
Natasha is moderately wounded.
The magic dart hits Natasha.
Natasha is heavily wounded.
Natasha howls an incantation.
Natasha glows brightly for a moment.
You are too injured to fight recklessly!
You are too injured to fight recklessly!
Casting: Magic Dart (safe; 3% risk of failure)
Confirm with . or Enter, or press ? or * to list all spells.
You miscast Call Imp.
You are very lightly contaminated with residual magic.
Nothing appears to happen.
Natasha barely misses you. Natasha attacks as you move away!
Natasha barely misses you. Natasha claws you!
* * * LOW HITPOINT WARNING * * *
Casting: Call Imp (safe; 5% risk of failure)
Confirm with . or Enter, or press ? or * to list all spells.
A beastly little devil appears in a puff of flame.
* * * LOW HITPOINT WARNING * * *
Natasha misses you. Natasha attacks as you move away!
Natasha barely misses you.
Your crimson imp blinks!
It was a potion of might.
You feel very mighty all of a sudden. Natasha claws you!
You die...

#.# #.# #.#
############## #.#
#.....§.h@...######
#.#
..###.†#####......#
#.# #...
#.####.###.####
#..†.
##.....#........
.....#
#..####.###.####
#.....
##..........#
...... ##.....#####
...... #..#####
#..##


You could see Natasha.

Vanquished Creatures
  2 bats
  3 endoplasms (D:1)
  2 giant cockroaches (D:1)
  3 hobgoblins (D:1)
  A quokka (D:2)
  4 ball pythons (D:1)
  3 frilled lizards
  A kobold (D:1)
19 creatures vanquished.

Vanquished Creatures (collateral kills)
  A rat (D:1)
1 creature vanquished.

Grand Total: 20 creatures vanquished

Notes
Turn   | Place    | Note
-------+----------+-------------------------------------------
     0 | D:1      | sdfasdf239h the Djinni Hedge Wizard began the quest for the
                  | Orb.
     0 | D:1      | Reached XP level 1. HP: 15/15 MP: 0/0
   414 | D:1      | Reached XP level 2. HP: 13/21 MP: 0/0
   750 | D:1      | Reached skill level 3 in Spellcasting
  1456 | D:2      | Reached XP level 3. HP: 22/25 MP: 0/0
  1456 | D:2      | Learned a level 1 spell: Animate Skeleton
  1535 | D:2      | Noticed Natasha
  1549 | D:2      | Mangled by Natasha

Illustrated notes

Levels and vault maps discovered:
D:1:      dpeg_arrival_concentric_ovals, layout_basic
D:2:      layout_loops_ring, chequers_serial_rivers_micro_a, chequers_avenue,
          kennysheep_generic_room_14, uniq_natasha

Skill      XL: |  1  2 |
---------------+-------+-----
Spellcasting   | 3 |  3.2
Dodging        | |  2.1
Stealth        | |  1.5

Action                   || total
-------------------------++-------
 Cast: Magic Dart        ||    51
       Call Imp          ||     3
  Use: Potion            ||     1
Dodge: Dodged            ||     6

Table legend: (Time is in decaauts)
 A = Elapsed time spent in this place.
 B = Non-inter-level travel time spent in this place.
 C = Inter-level travel time spent in this place.
 D = Time resting spent in this place.
 E = Time spent auto-exploring this place.
 F = Levels seen in this place.
 G = Mean time per level.
                   A        B        C        D        E       F      G
               +--------+--------+--------+--------+--------+-----+--------+
         Total |   1550 |   1535 |     15 |     64 |   1324 |   2 |  775.0 |
       Dungeon |   1550 |   1535 |     15 |     64 |   1324 |   2 |  775.0 |
               +--------+--------+--------+--------+--------+-----+--------+

Top non-repeatable levels by time:
     D:1: 1416 daAuts
     D:2: 133 daAuts
